[Event "VIII Iberoamericano Mexico 2022"]
[Site "Mexico City"]
[Date "2022.02.19"]
[Round "9.11"]
[White "Sanchez Alvarez, Roberto Carlos"]
[Black "Rodriguez Vila, Andres"]
[Result "1-0"]
[ECO "E32"]
[WhiteElo "2407"]
[BlackElo "2461"]
[Annotator "ChessBase"]
[PlyCount "61"]
[EventDate "2022.02.12"]
[EventType "swiss"]
[EventCountry "MEX"]
[SourceTitle "playchess.com"]
[Source "ChessBase"]
[SourceQuality "1"]
[TimeControl "5400+30"]

1. d4 e6 2. c4 Nf6 3. Nc3 Bb4 4. Nf3 O-O 5. Qc2 d6 6. g3 c5 7. dxc5 dxc5 8. Bd2 Nc6 9. a3 Ba5 10. e3 e5 11. Bg2 Be6 12. b3 Qc8 13. O-O Rd8 14. Rfd1 Bf5 15. Qb2 Bg4 16. Nd5 Bxd2 17. Rxd2 Qf5 18. Nh4 Qh5 19. h3 Be6 20. Rad1 Rdc8 21. f4 Nd7 22. Nc3 exf4 23. exf4 Nb6 24. Ne4 Rab8 25. Bf3 Qh6 26. Nxc5 Bxh3 27. Rd6 Be6 28. Bxc6 bxc6 29. Nf5 Bxf5 30. Re6 Qxe6 31. Qf6 1-0

[Event "VIII Iberoamericano Mexico 2022"]
[Site "Mexico City"]
[Date "2022.02.19"]
[Round "9.14"]
[White "Quesada Perez, Luis Ernesto"]
[Black "Sandoval Mercado, Carlos"]
[Result "1-0"]
[ECO "E76"]
[WhiteElo "2517"]
[BlackElo "2289"]
[Annotator "ChessBase"]
[PlyCount "47"]
[EventDate "2022.02.12"]
[EventType "swiss"]
[EventCountry "MEX"]
[SourceTitle "playchess.com"]
[Source "ChessBase"]
[SourceQuality "1"]
[TimeControl "5400+30"]

1. d4 Nf6 2. c4 g6 3. Nc3 Bg7 4. e4 d6 5. f4 O-O 6. Nf3 c5 7. d5 e6 8. dxe6 fxe6 9. Bd3 Nc6 10. O-O Nd4 11. Nxd4 cxd4 12. Nb5 a6 13. Nxd4 Qb6 14. Be3 Ng4 15. Qxg4 Bxd4 16. Bf2 Qxb2 17. Rad1 e5 18. f5 Kh8 19. Qh4 Qb6 20. Kh1 Bxf2 21. Rxf2 Rf7 22. fxg6 Qxf2 23. gxf7 Qxf7 24. Rf1 1-0

[Event "VIII Iberoamericano Mexico 2022"]
[Site "Mexico City"]
[Date "2022.02.19"]
[Round "9.15"]
[White "Dominguez Aguilar, Guillermo"]
[Black "Perez Gormaz, Matias"]
[Result "1-0"]
[ECO "B23"]
[WhiteElo "2321"]
[BlackElo "2404"]
[Annotator "NA"]
[PlyCount "65"]
[EventDate "2022.02.12"]
[EventType "swiss"]
[EventCountry "MEX"]
[SourceTitle "playchess.com"]
[Source "ChessBase"]
[SourceQuality "1"]
[TimeControl "5400+30"]

1. e4 c5 2. Nc3 Nc6 3. f4 g6 4. Nf3 Bg7 5. Bb5 Nd4 6. O-O Nxb5 7. Nxb5 d5 8. exd5 a6 9. Nc3 Nf6 10. d4 c4 11. Ne5 Nxd5 12. Qe2 $11 Nxc3 13. bxc3 Be6 14. Rb1 Qc7 15. Qe4 Rb8 16. Ba3 O-O 17. Bc5 b6 18. Ba3 Rbc8 19. d5 Bf5 20. Qe3 b5 21. Nc6 Bf6 22. Nxe7+ Bxe7 23. Bxe7 Rfe8 24. Rbe1 Bxc2 25. d6 Qd7 26. Rf2 Bf5 27. h3 h5 28. Qd4 Rc6 29. Re5 b4 30. g4 hxg4 31. hxg4 Bd3 32. f5 f6 33. Re6 1-0

[Event "VIII Iberoamericano Mexico 2022"]
[Site "Mexico City"]
[Date "2022.02.19"]
[Round "9.16"]
[White "Valdes Romero, Leonardo"]
[Black "Estrada Nieto, Julian"]
[Result "1/2-1/2"]
[ECO "D05"]
[WhiteElo "2404"]
[BlackElo "2253"]
[Annotator "NA"]
[PlyCount "34"]
[EventDate "2022.02.12"]
[EventType "swiss"]
[EventCountry "MEX"]
[SourceTitle "playchess.com"]
[Source "ChessBase"]
[SourceQuality "1"]
[TimeControl "5400+30"]

1. Nf3 d5 2. d4 Nf6 3. e3 e6 4. Nbd2 c5 5. c3 Nc6 6. Bd3 Bd6 7. O-O O-O 8. dxc5 Bxc5 9. e4 Qc7 10. Qe2 Ne5 (10... b6 $11) 11. Nxe5 Qxe5 12. Nf3 Qh5 13. e5 $1 Nd7 $14 14. h3 f6 15. exf6 Nxf6 16. Bf4 Bd7 17. Bc1 Bc8 1/2-1/2

[Event "VIII Iberoamericano Mexico 2022"]
[Site "Mexico City"]
[Date "2022.02.19"]
[Round "9.17"]
[White "Diaz Rosas, Julio Cesar"]
[Black "Tapie Amione, Pablo Adib"]
[Result "1/2-1/2"]
[ECO "B52"]
[WhiteElo "2393"]
[BlackElo "2241"]
[Annotator "NA"]
[PlyCount "24"]
[EventDate "2022.02.12"]
[EventType "swiss"]
[EventCountry "MEX"]
[SourceTitle "playchess.com"]
[Source "ChessBase"]
[SourceQuality "1"]
[TimeControl "5400+30"]

1. e4 c5 2. Nf3 d6 3. Bb5+ Bd7 4. Bxd7+ Nxd7 5. O-O Ngf6 6. Re1 e6 7. c3 Be7 8. d4 O-O 9. a4 Rc8 10. Nbd2 a6 11. Qe2 Qc7 12. a5 $15 cxd4 1/2-1/2

[Event "VIII Iberoamericano Mexico 2022"]
[Site "Mexico City"]
[Date "2022.02.19"]
[Round "9.18"]
[White "Miranda Rodriguez, Tania"]
[Black "Leon Valdes, Jony Wilson"]
[Result "0-1"]
[ECO "C03"]
[WhiteElo "2174"]
[BlackElo "2392"]
[Annotator "NA"]
[PlyCount "76"]
[EventDate "2022.02.12"]
[EventType "swiss"]
[EventCountry "MEX"]
[SourceTitle "playchess.com"]
[Source "ChessBase"]
[SourceQuality "1"]
[TimeControl "5400+30"]

1. e4 e6 2. d4 d5 3. Nd2 a5 4. a4 Nf6 5. e5 Nfd7 6. f4 c5 7. c3 Nc6 8. Ndf3 Qb6 9. g3 cxd4 10. cxd4 f6 11. Bd3 Nb4 12. Bb1 Be7 13. Kf1 Nb8 14. Kg2 N8c6 15. h4 Bd7 16. h5 O-O-O 17. Ne2 $11 Kb8 18. h6 g6 19. exf6 Bxf6 20. Ne5 Be8 21. Ra3 Ka8 22. Be3 Rf8 23. Rf1 Ne7 24. g4 Nc8 25. Rc3 Nd6 26. b3 Ne4 27. Bxe4 dxe4 28. Ng3 Nd5 29. Qc1 Nxc3 30. Qxc3 Bxe5 31. dxe5 Qb4 32. Qc7 Bc6 33. Qxh7 Qc3 34. Kf2 Rd2+ 35. Ne2 Rxe2+ 36. Kxe2 Qc2+ 37. Bd2 Qd3+ 38. Ke1 e3 0-1

[Event "VIII Iberoamericano Mexico 2022"]
[Site "Mexico City"]
[Date "2022.02.19"]
[Round "9.19"]
[White "Gemy, Jose Daniel"]
[Black "Hernandez Jimenez, Alexander Andres"]
[Result "1-0"]
[ECO "B27"]
[WhiteElo "2381"]
[BlackElo "2167"]
[Annotator "NA"]
[PlyCount "79"]
[EventDate "2022.02.12"]
[EventType "swiss"]
[EventCountry "MEX"]
[SourceTitle "playchess.com"]
[Source "ChessBase"]
[SourceQuality "1"]
[TimeControl "5400+30"]

1. e4 c5 2. Nf3 g6 3. c3 Bg7 4. d4 cxd4 5. cxd4 d5 6. e5 Nc6 7. Bb5 Bg4 8. Bxc6+ bxc6 9. Nbd2 Nh6 10. Nb3 f6 11. exf6 exf6 12. O-O O-O 13. h3 Bxf3 $14 14. Qxf3 Nf5 15. Bf4 Qb6 16. Qc3 Rfe8 17. Rac1 Re4 18. Bd2 Rc8 19. Rce1 Rce8 20. Nc5 Rxe1 21. Rxe1 Rxe1+ 22. Bxe1 Qb5 23. g4 Nd6 24. Qe3 Ne4 25. Nxe4 dxe4 26. Qxe4 Kf7 27. Bc3 f5 28. Qf4 h5 29. gxh5 gxh5 30. Qg5 Bf6 31. Qxh5+ Kg7 32. Qf3 Kg6 33. Qg3+ Kh5 34. Qc7 Qd3 35. Qf7+ Kg5 36. h4+ Kg4 37. Qxf6 Kh3 38. Qe5 Qd1+ 39. Be1 f4 40. Qe6+ 1-0

[Event "VIII Iberoamericano Mexico 2022"]
[Site "Mexico City"]
[Date "2022.02.19"]
[Round "9.20"]
[White "Santos, Jose Guilherme B Lim"]
[Black "Real Pereyra, Jeronimo"]
[Result "1-0"]
[ECO "D37"]
[WhiteElo "2363"]
[BlackElo "2147"]
[Annotator "NA"]
[PlyCount "129"]
[EventDate "2022.02.12"]
[EventType "swiss"]
[EventCountry "MEX"]
[SourceTitle "playchess.com"]
[Source "ChessBase"]
[SourceQuality "1"]
[TimeControl "5400+30"]

1. d4 Nf6 2. c4 e6 3. Nf3 d5 4. Nc3 Be7 5. Bf4 O-O 6. e3 b6 7. a3 c5 $11 8. Qc2 Nc6 9. Rd1 cxd4 10. Nxd4 Nxd4 11. Rxd4 Bb7 12. cxd5 exd5 13. Be2 Qc8 14. Qb3 Bc5 15. Rd1 Qf5 16. Nb5 d4 17. Nxd4 Bxd4 18. Rxd4 Bxg2 19. Rg1 Qh3 20. f3 Rad8 21. Rxd8 Rxd8 22. Bc7 Rc8 23. Bg3 h5 24. Qa4 Qe6 25. Kf2 Bh3 26. Rd1 Bf5 27. Rd2 Re8 28. Qd4 Bg6 29. Bh4 Qh3 30. Bg3 Qe6 31. Bc4 Qh3 32. Bf1 Qe6 33. Bh4 Qf5 34. Kg2 Qe6 35. Bf2 Qf5 36. Qh4 Qa5 37. Be1 Qc5 38. Bf2 Qa5 39. Rd4 Qe5 40. Qg3 Qa5 41. h4 Qc5 42. Bc4 Kh7 43. e4 Qc6 44. Qg5 Qc7 45. Bg3 Qc8 46. e5 Qc5 47. Qd2 Ng8 48. b4 Qc8 49. Bb5 Rf8 50. Rd7 Nh6 51. Rxa7 Nf5 52. Rd7 Nxg3 53. Kxg3 Qa8 54. Qe3 Re8 55. Rd6 Re6 56. a4 Qb8 57. Qd4 Qc7 58. Bc4 Re8 59. Rxb6 f6 60. Qc5 Qd8 61. Rd6 Qa8 62. exf6 Qb8 63. Qb6 Qa8 64. Qc7 Rg8 65. Bxg8+ 1-0

[Event "VIII Iberoamericano Mexico 2022"]
[Site "Mexico City"]
[Date "2022.02.19"]
[Round "9.21"]
[White "Perez Garcia, Rodney Oscar"]
[Black "Ruiz Perez, Juan Octavio"]
[Result "1/2-1/2"]
[ECO "B51"]
[WhiteElo "2331"]
[BlackElo "2074"]
[Annotator "NA"]
[PlyCount "29"]
[EventDate "2022.02.12"]
[EventType "swiss"]
[EventCountry "MEX"]
[SourceTitle "playchess.com"]
[Source "ChessBase"]
[SourceQuality "1"]
[TimeControl "5400+30"]

1. e4 c5 2. Nf3 d6 3. Bb5+ Nd7 4. d4 cxd4 5. Qxd4 $11 a6 6. Bxd7+ Bxd7 7. O-O e5 8. Qd3 h6 9. c4 Nf6 10. Nc3 Rc8 11. a4 Qc7 12. b3 Be7 13. Ba3 Bc6 14. Rfd1 Rd8 15. Nd2 1/2-1/2

[Event "VIII Iberoamericano Mexico 2022"]
[Site "Mexico City"]
[Date "2022.02.19"]
[Round "9.22"]
[White "Perez Rodriguez, Luis Manuel"]
[Black "Zacarias Rodriguez, Santiago"]
[Result "1-0"]
[ECO "B22"]
[WhiteElo "2324"]
[BlackElo "1896"]
[Annotator "NA"]
[PlyCount "205"]
[EventDate "2022.02.12"]
[EventType "swiss"]
[EventCountry "MEX"]
[SourceTitle "playchess.com"]
[Source "ChessBase"]
[SourceQuality "1"]
[TimeControl "5400+30"]

1. e4 c5 2. c3 d5 3. exd5 Qxd5 4. d4 Nc6 5. Nf3 e6 6. Be3 cxd4 7. cxd4 Nf6 8. Nc3 Qa5 9. a3 Nd5 10. Bd2 Be7 $14 11. Bd3 Qd8 12. O-O Bf6 13. Qe2 Nxc3 14. bxc3 Qd6 15. Rfe1 Bd7 16. a4 b6 17. Qe4 Be7 18. Qg4 f5 19. Qxg7 O-O-O 20. Qh6 Kb7 21. a5 Bf8 22. Qe3 bxa5 23. Ne5 Nxe5 24. dxe5 Qc5 25. Reb1+ Kc7 26. Ba6 Bc6 27. Rxa5 Qxe3 28. Bxe3 Rd5 29. Bxa7 Rxa5 30. Bb6+ Kd7 31. Bxa5 Bc5 32. Bb4 Bb6 33. Rd1+ Kc7 34. Bd6+ Kd7 35. Bc4 Rg8 36. g3 Bf3 37. Bb5+ Kc8 38. Rd2 f4 39. Ba6+ Bb7 40. Bxb7+ Kxb7 41. Kg2 fxg3 42. hxg3 Rg6 43. Bb4 Kc7 44. c4 Rg4 45. Bd6+ Kc6 46. c5 Ba5 47. Ra2 Bb4 48. Ra7 h6 49. Rf7 Kd5 50. Kf3 Rc4 51. Rh7 Bxc5 52. Bxc5 Rxc5 53. Rxh6 Rc3+ 54. Kf4 Rc4+ 55. Kg5 Kxe5 56. f4+ Kd5 57. Rh1 Rc8 58. Kg4 Kd6 59. Re1 Rc5 60. Re3 Rf5 61. Re1 Ke7 62. Rh1 Ra5 63. Rh5 Ra4 64. Kg5 Ra8 65. Rh7+ Kd6 66. Rh6 Ra5+ 67. Kf6 Rf5+ 68. Kg6 Rf8 69. Rh7 Rg8+ 70. Rg7 Rf8 71. Kg5 Rf5+ 72. Kg4 Ra5 73. Rg5 Ra4 74. Re5 Ra8 75. Kf3 Ke7 76. g4 Kf7 77. Kg3 Ra4 78. Rb5 Rc4 79. Ra5 Rb4 80. Ra7+ Kg6 81. Re7 Kf6 82. Rh7 Kg6 83. Rd7 Ra4 84. g5 Ra1 85. Re7 Re1 86. Kg4 Rg1+ 87. Kf3 Re1 88. Re8 Kf7 89. Rh8 Rf1+ 90. Ke3 Re1+ 91. Kf2 Ra1 92. Rh6 Ra4 93. Kf3 Ra3+ 94. Kg4 Re3 95. Rh7+ Kg6 96. Re7 Re2 97. Rxe6+ Rxe6 98. f5+ Kf7 99. fxe6+ Kxe6 100. Kh5 Kf7 101. Kh6 Kg8 102. Kg6 Kh8 103. Kf7 1-0

[Event "VIII Iberoamericano Mexico 2022"]
[Site "Mexico City"]
[Date "2022.02.19"]
[Round "9.23"]
[White "Avila Bautista, Roberto Al"]
[Black "Lopez Gonzalez, Abel Fabian"]
[Result "0-1"]
[ECO "A11"]
[WhiteElo "2090"]
[BlackElo "2379"]
[Annotator "NA"]
[PlyCount "114"]
[EventDate "2022.02.12"]
[EventType "swiss"]
[EventCountry "MEX"]
[SourceTitle "playchess.com"]
[Source "ChessBase"]
[SourceQuality "1"]
[TimeControl "5400+30"]

1. Nf3 d5 2. g3 Bg4 3. Bg2 Nd7 4. c4 c6 5. b3 e5 6. O-O Bd6 7. Bb2 $11 d4 8. Qc2 Nh6 9. e3 Qf6 10. Ne1 Be2 11. exd4 Bxf1 12. Bxf1 exd4 13. Qe4+ Qe5 14. Qxd4 Qxd4 15. Bxd4 Be5 16. Bxe5 Nxe5 17. d4 Nd7 18. Nc3 O-O-O 19. Nd3 Nf6 20. Ne2 Rhe8 21. Rd1 g5 22. Nb4 c5 23. Nc2 cxd4 24. Rxd4 Nf5 25. Rxd8+ Rxd8 26. Nc3 Rd2 27. Ne1 Nd4 28. h3 Kb8 29. Kg2 g4 30. Kg1 Nf3+ 31. Nxf3 gxf3 32. g4 Rc2 33. Nb5 Rd2 34. Nc3 a6 35. g5 Rc2 36. gxf6 Rxc3 37. Kh2 Kc7 38. c5 Rxc5 39. Bd3 Rg5 40. Bxh7 Rg2+ 41. Kh1 Rxf2 42. Be4 Rxa2 43. Bxf3 Rf2 44. Be4 b5 45. Kg1 Rxf6 46. Kg2 Kd6 47. Kg3 Ke5 48. Bb1 Rc6 49. h4 Rc3+ 50. Kg4 Rxb3 51. Bc2 Rb2 52. Bd3 Rg2+ 53. Kh5 f5 54. Kh6 f4 55. h5 f3 56. Kh7 Rd2 57. Bf1 Rd1 0-1

[Event "VIII Iberoamericano Mexico 2022"]
[Site "Mexico City"]
[Date "2022.02.19"]
[Round "9.24"]
[White "Galaviz Medina, Sion Radamantys"]
[Black "Fernandez Pozas, Pablo Antonio"]
[Result "1-0"]
[ECO "E32"]
[WhiteElo "2374"]
[BlackElo "2072"]
[Annotator "NA"]
[PlyCount "39"]
[EventDate "2022.02.12"]
[EventType "swiss"]
[EventCountry "MEX"]
[SourceTitle "playchess.com"]
[Source "ChessBase"]
[SourceQuality "1"]
[TimeControl "5400+30"]

1. d4 e6 2. c4 Nf6 3. Nc3 Bb4 4. Qc2 b6 5. e4 c5 6. d5 Qe7 7. Nge2 exd5 8. exd5 O-O 9. Bg5 $11 Ba6 10. O-O-O Bxc4 11. Ng3 Bxf1 12. Nf5 Qe5 13. f4 Qe8 14. Bxf6 gxf6 15. Ne4 Qd8 16. Rhxf1 Kh8 17. a3 Ba5 18. Ned6 b5 19. Qf2 Bc7 20. Qg3 1-0

[Event "VIII Iberoamericano Mexico 2022"]
[Site "Mexico City"]
[Date "2022.02.19"]
[Round "9.25"]
[White "Martinez Morales, Geovanni"]
[Black "Sanchez Enriquez, Oscar Gerardo"]
[Result "0-1"]
[ECO "B40"]
[WhiteElo "2098"]
[BlackElo "2305"]
[Annotator "NA"]
[PlyCount "58"]
[EventDate "2022.02.12"]
[EventType "swiss"]
[EventCountry "MEX"]
[SourceTitle "playchess.com"]
[Source "ChessBase"]
[SourceQuality "1"]
[TimeControl "5400+30"]

1. e4 c5 2. Nf3 e6 3. g3 Nc6 4. Bg2 g5 5. h3 Bg7 6. d3 h6 7. c3 Nge7 8. Be3 (8. O-O {is superior.}) 8... b6 9. Nbd2 d5 10. d4 $15 dxe4 11. Nxe4 f5 12. Ned2 O-O 13. dxc5 Nd5 14. Nc4 f4 15. Bd4 Nxd4 16. cxd4 fxg3 17. O-O gxf2+ 18. Rxf2 bxc5 19. dxc5 Qc7 20. Rc2 Qxc5+ 21. Kh1 Ba6 22. Nce5 Qe3 23. Ng4 Qb6 24. Nfe5 Rad8 25. Qe1 Nf4 26. Kh2 Nxg2 27. Rxg2 Rf5 28. Ng6 Qd6+ 29. Kg1 Kh7 0-1

[Event "VIII Iberoamericano Mexico 2022"]
[Site "Mexico City"]
[Date "2022.02.19"]
[Round "9.26"]
[White "Herrera Ortiz, Miguel"]
[Black "Jorajuria Mendoza, Algol"]
[Result "0-1"]
[ECO "B33"]
[WhiteElo "2297"]
[BlackElo "2006"]
[Annotator "NA"]
[PlyCount "74"]
[EventDate "2022.02.12"]
[EventType "swiss"]
[EventCountry "MEX"]
[SourceTitle "playchess.com"]
[Source "ChessBase"]
[SourceQuality "1"]
[TimeControl "5400+30"]

1. e4 c5 2. Nf3 Nc6 3. d4 cxd4 4. Nxd4 Nf6 5. Nc3 e5 6. Ndb5 d6 7. Nd5 Nxd5 8. exd5 Nb8 9. a4 Be7 10. Be2 Nd7 11. Bd2 O-O 12. Bb4 a6 13. Na3 a5 14. Bd2 f5 15. Nc4 $15 f4 16. Bg4 Qc7 17. Be6+ Kh8 18. b3 e4 19. Bc3 b6 20. Qd2 Nc5 21. Bxc8 Raxc8 22. Bd4 e3 23. fxe3 Bh4+ 24. g3 fxg3 25. O-O-O Rf2 26. Qc3 g2 27. Rhg1 Nxa4 28. Qa1 b5 29. e4 bxc4 30. Qxa4 cxb3 31. c3 Re2 32. Kb1 Bf6 33. Rc1 Qc4 34. Qxc4 Rxc4 35. Rce1 Rxe1+ 36. Rxe1 Rxd4 37. e5 Re4 0-1

[Event "VIII Iberoamericano Mexico 2022"]
[Site "Mexico City"]
[Date "2022.02.19"]
[Round "9.27"]
[White "Medina Diaz, Rafael Alejandro"]
[Black "Arvizu Borchardt, David Ivan"]
[Result "1-0"]
[ECO "B22"]
[WhiteElo "2287"]
[BlackElo "1987"]
[Annotator "NA"]
[PlyCount "79"]
[EventDate "2022.02.12"]
[EventType "swiss"]
[EventCountry "MEX"]
[SourceTitle "playchess.com"]
[Source "ChessBase"]
[SourceQuality "1"]
[TimeControl "5400+30"]

1. e4 c5 2. c3 Nf6 3. e5 Nd5 4. d4 cxd4 5. cxd4 d6 6. Nf3 e6 7. Nc3 Nc6 8. exd6 Bxd6 9. Bd3 O-O 10. O-O h6 11. Re1 b6 12. Bb1 Ncb4 $14 (12... Nf6 $11) 13. a3 Nxc3 14. bxc3 Nd5 15. Qd3 Nf6 16. Ne5 Bb7 17. Qh3 Re8 18. Bd2 Bf8 19. Re3 Qd5 20. Rg3 Qb3 21. Bd3 Qb2 22. Rd1 Be4 23. Qxh6 Bxd3 24. Qxf6 Bg6 25. Qf3 Bf5 26. Qb7 Be7 27. Bh6 g6 28. Re3 Qxa3 29. g4 Bc2 30. Rde1 Qd6 31. Qf3 f6 32. Nxg6 Bxg6 33. Rxe6 Bf8 34. Qxf6 Rxe6 35. Rxe6 Qxe6 36. Qxe6+ Bf7 37. Qc6 Re8 38. Bxf8 Kxf8 39. h4 Re1+ 40. Kh2 1-0

[Event "VIII Iberoamericano Mexico 2022"]
[Site "Mexico City"]
[Date "2022.02.19"]
[Round "9.28"]
[White "Miranda Llanes, Yerisbel"]
[Black "Ortiz Verdezoto, Anahi"]
[Result "1-0"]
[ECO "E43"]
[WhiteElo "2261"]
[BlackElo "2047"]
[Annotator "NA"]
[PlyCount "103"]
[EventDate "2022.02.12"]
[EventType "swiss"]
[EventCountry "MEX"]
[SourceTitle "playchess.com"]
[Source "ChessBase"]
[SourceQuality "1"]
[TimeControl "5400+30"]

1. d4 Nf6 2. c4 e6 3. Nc3 Bb4 4. e3 b6 5. Bd2 Bb7 6. Nf3 O-O 7. Bd3 c5 8. a3 cxd4 9. axb4 dxc3 10. Bxc3 d5 $14 11. b3 Nbd7 12. O-O Qe7 13. Qe2 Ne4 14. Bb2 Ndf6 15. Ne5 Nd7 16. Nf3 Rfc8 17. Ba3 Qf6 18. Rfc1 dxc4 19. bxc4 a5 20. Bb2 Qe7 21. bxa5 bxa5 22. Qc2 f5 23. Nd4 Nec5 24. Bf1 a4 25. Ba3 Qf6 26. Ra2 Ba6 27. Rd1 Rab8 28. Nb5 Bxb5 29. cxb5 Nb3 30. Qb2 Qf7 31. Bd6 Ra8 32. Be2 Nb6 33. Bf3 Nc4 34. Qb1 Ra7 35. Bb4 h6 36. Rc2 Rac7 37. Qa2 Nb6 38. Bc6 Ra7 39. h3 Kh7 40. Qa3 Rac7 41. Bd6 Rd8 42. Be8 Qxe8 43. Rxc7 Rc8 44. Rb7 Nd5 45. Qxa4 Nc5 46. Bxc5 Rxc5 47. Rxg7+ Kxg7 48. Qd4+ Kg6 49. Qxc5 Qb8 50. Qc6 Kf7 51. Rxd5 exd5 52. Qxd5+ 1-0

[Event "VIII Iberoamericano Mexico 2022"]
[Site "Mexico City"]
[Date "2022.02.19"]
[Round "9.29"]
[White "Rosales Campos, Paul"]
[Black "Frey Beckman, Kenneth"]
[Result "0-1"]
[ECO "C48"]
[WhiteElo "2039"]
[BlackElo "2242"]
[Annotator "NA"]
[PlyCount "70"]
[EventDate "2022.02.12"]
[EventType "swiss"]
[EventCountry "MEX"]
[SourceTitle "playchess.com"]
[Source "ChessBase"]
[SourceQuality "1"]
[TimeControl "5400+30"]

1. e4 e5 2. Nf3 Nc6 3. Nc3 Nf6 4. Bb5 Nd4 5. O-O Nxb5 6. Nxb5 c6 7. Nc3 d6 8. d4 Qc7 9. Bg5 Be7 10. h3 h6 11. Bxf6 Bxf6 12. d5 O-O 13. Qd3 Be7 14. Rfd1 c5 15. Qc4 a6 16. a4 b6 17. Rab1 Bd8 18. Rd2 f5 19. Re1 f4 20. b4 cxb4 21. Qxb4 Bd7 22. Rd3 Rc8 23. Rb1 g5 24. Nd2 h5 25. Rb2 g4 26. hxg4 hxg4 27. Ne2 Rf6 28. Rc3 Qb8 29. Rxc8 Qxc8 30. Nc4 Bc7 31. Nxb6 Qd8 32. Nxd7 Qxd7 33. Qb7 Rf7 34. Qc6 Qe7 35. Rb7 Kg7 0-1

[Event "VIII Iberoamericano Mexico 2022"]
[Site "Mexico City"]
[Date "2022.02.19"]
[Round "9.30"]
[White "Blanco Fernandez, Alvaro"]
[Black "Paredes Guzman, Francisco Javier"]
[Result "0-1"]
[ECO "E73"]
[WhiteElo "2216"]
[BlackElo "1891"]
[Annotator "NA"]
[PlyCount "69"]
[EventDate "2022.02.12"]
[EventType "swiss"]
[EventCountry "MEX"]
[SourceTitle "playchess.com"]
[Source "ChessBase"]
[SourceQuality "1"]
[TimeControl "5400+30"]

1. d4 Nf6 2. c4 g6 3. Nc3 Bg7 4. e4 d6 $14 5. Be2 O-O 6. Be3 e5 7. d5 Na6 8. g4 Nc5 9. f3 a5 10. h4 h5 11. g5 Nh7 12. Qc2 c6 13. O-O-O Qc7 14. Bxc5 dxc5 15. d6 Qd8 16. Na4 b6 17. Qb3 Ra6 18. Bf1 Re8 19. d7 Bxd7 20. Bh3 Nf8 21. Ne2 Re7 22. Bxd7 Rxd7 23. Rxd7 Nxd7 24. Rd1 Qc7 25. Qd3 Ra7 26. Kb1 Bf8 27. Nac3 Be7 28. Qd2 Nf8 29. f4 exf4 30. Nxf4 Qe5 31. Nd3 Qd4 32. Qf4 Qxc4 33. e5 Qxf4 34. Nxf4 Rd7 35. Re1 0-1

[Event "VIII Iberoamericano Mexico 2022"]
[Site "Mexico City"]
[Date "2022.02.19"]
[Round "9.31"]
[White "Chinchilla Miranda, Eugenio"]
[Black "Francisco Cruz, Yahir Alberto"]
[Result "1-0"]
[ECO "D97"]
[WhiteElo "2193"]
[BlackElo "1949"]
[Annotator "NA"]
[PlyCount "77"]
[EventDate "2022.02.12"]
[EventType "swiss"]
[EventCountry "MEX"]
[SourceTitle "playchess.com"]
[Source "ChessBase"]
[SourceQuality "1"]
[TimeControl "5400+30"]

1. d4 Nf6 2. c4 g6 3. Nc3 d5 4. Nf3 Bg7 5. Qb3 dxc4 6. Qxc4 O-O 7. e4 a6 8. Be2 b5 9. Qb3 Nc6 10. e5 Be6 11. exf6 Bxb3 12. fxg7 Kxg7 13. axb3 Nxd4 14. Nxd4 Qxd4 15. O-O Qb4 16. Bf3 Rad8 17. Rxa6 Qxb3 18. Rc6 Rc8 19. Re1 Rfd8 20. h4 e6 21. h5 Rd6 22. Rc5 b4 23. Bd1 Rxd1 24. h6+ Kf8 25. Nxd1 f6 26. Ne3 Ke7 27. Nc2 Kd6 28. Rc6+ Kd7 29. Rd1+ Ke7 30. Be3 Rd8 31. Rxc7+ Ke8 32. Ra1 Qxb2 33. Raa7 Rd1+ 34. Kh2 Qe5+ 35. f4 Qh5+ 36. Kg3 g5 37. Rg7 Qh4+ 38. Kf3 Qh5+ 39. Ke4 1-0

[Event "VIII Iberoamericano Mexico 2022"]
[Site "Mexico City"]
[Date "2022.02.19"]
[Round "9.32"]
[White "Gongora Montes, Benjamin"]
[Black "Montes Orozco, Miguel Angel"]
[Result "1/2-1/2"]
[ECO "D02"]
[WhiteElo "2157"]
[BlackElo "1914"]
[Annotator "NA"]
[PlyCount "81"]
[EventDate "2022.02.12"]
[EventType "swiss"]
[EventCountry "MEX"]
[SourceTitle "playchess.com"]
[Source "ChessBase"]
[SourceQuality "1"]
[TimeControl "5400+30"]

1. d4 d5 2. Nf3 Nf6 3. g3 e6 4. Bg2 Be7 5. O-O O-O 6. b3 c5 7. dxc5 Bxc5 8. c4 Nc6 9. Bb2 d4 10. a3 a5 11. b4 axb4 12. axb4 Rxa1 13. Bxa1 Bxb4 14. Nxd4 Bd7 15. Qb3 Qb6 16. Nxc6 Bxc6 17. Bxf6 gxf6 18. Bxc6 bxc6 19. Nc3 Rb8 20. Rb1 Bc5 21. Qc2 Qa7 22. Rxb8+ Qxb8 23. Qe4 Qb4 24. Qd3 Kg7 25. Kg2 f5 26. e4 Qb2 27. Ne2 fxe4 28. Qxe4 Bb6 29. h4 h6 30. Qg4+ Kf8 31. Qe4 Kg7 32. h5 Ba7 33. g4 Kf8 34. Qd3 Kg7 35. Kg3 Bb8+ 36. Kg2 Ba7 37. Qe4 Kf8 38. Kg3 Qb3+ 39. Kg2 Qb2 40. Kg3 Qb3+ 41. Kg2 1/2-1/2

[Event "VIII Iberoamericano Mexico 2022"]
[Site "Mexico City"]
[Date "2022.02.19"]
[Round "9.33"]
[White "Luna Javier, Edgar Froylan"]
[Black "Encinas Varela, David"]
[Result "1-0"]
[ECO "D79"]
[WhiteElo "2148"]
[BlackElo "1862"]
[Annotator "NA"]
[PlyCount "59"]
[EventDate "2022.02.12"]
[EventType "swiss"]
[EventCountry "MEX"]
[SourceTitle "playchess.com"]
[Source "ChessBase"]
[SourceQuality "1"]
[TimeControl "5400+30"]

1. Nf3 Nf6 2. g3 g6 3. Bg2 Bg7 4. d4 O-O 5. O-O d5 6. c4 c6 7. cxd5 cxd5 8. Ne5 Ng4 9. f4 Nxe5 10. fxe5 Be6 11. Nc3 Qd7 12. Bf4 Rd8 13. Na4 b6 14. Nc3 Nc6 15. Qd2 Bh3 16. Bxh3 Qxh3 17. Rac1 Rac8 18. Bg5 f6 19. exf6 exf6 20. Bxf6 Bh6 21. Bg5 Bxg5 22. Qxg5 Nxd4 23. Rcd1 Ne6 24. Qe5 Nc7 25. Nxd5 Nxd5 26. Rxd5 Re8 27. Qd4 Rxe2 28. Rd8+ Re8 29. Qd5+ Kh8 30. Qe5+ 1-0

[Event "VIII Iberoamericano Mexico 2022"]
[Site "Mexico City"]
[Date "2022.02.19"]
[Round "9.34"]
[White "Torres Rivas, Felipe de Jesus"]
[Black "Garcia de Dios, Jose Antonio"]
[Result "1/2-1/2"]
[ECO "E67"]
[WhiteElo "1845"]
[BlackElo "2145"]
[Annotator "NA"]
[PlyCount "113"]
[EventDate "2022.02.12"]
[EventType "swiss"]
[EventCountry "MEX"]
[SourceTitle "playchess.com"]
[Source "ChessBase"]
[SourceQuality "1"]
[TimeControl "5400+30"]

1. d4 Nf6 2. Nf3 g6 3. c4 Bg7 4. g3 O-O 5. Bg2 d6 6. O-O Nbd7 7. Nc3 e5 8. Bg5 h6 9. Bxf6 Bxf6 10. e3 Bg7 11. Qb3 exd4 12. Nxd4 Nc5 13. Qc2 a5 14. Rfd1 c6 15. Rd2 Qc7 16. h4 h5 17. Qd1 Re8 18. Rc1 a4 19. Rb1 Bg4 20. Bf3 Be6 21. Nxe6 Rxe6 22. Ne2 Ne4 23. Bxe4 Rxe4 24. Qc2 Ree8 25. Rbd1 a3 26. bxa3 Rxa3 27. Rxd6 Qa5 28. Nf4 Rxa2 29. Qd3 Ra1 30. Rd7 Rxd1+ 31. Qxd1 Qb4 32. Qd3 Ra8 33. Rd8+ Rxd8 34. Qxd8+ Bf8 35. Qd3 Qc5 36. Kg2 b5 37. cxb5 cxb5 38. Qd5 Qb6 39. Ne2 Bg7 40. Nc1 b4 41. Nb3 Bc3 42. Qa8+ Kg7 43. Qd5 Qa7 44. Nc5 Qa1 45. Ne4 Be1 46. Qb3 Qe5 47. Ng5 Qf5 48. Nf3 Bc3 49. Ng5 Qd7 50. Qc4 Qb7+ 51. Qe4 Qa7 52. Qd5 Bf6 53. Ne4 Qb6 54. Nd6 Kh6 55. Nxf7+ Kh7 56. Ng5+ Bxg5 57. Qf7+ 1/2-1/2